 Dungeon Crawl Stone Soup version 0.24.0-37-gcf1ca852f1 (webtiles) character file.

Game seed: 14100343580073778355, levelgen mode: deterministic

12722 Gruesph the Martial Artist (level 11, -2/86 HPs)
             Began as a Demonspawn Artificer on Nov 21, 2019.
             Was a High Priest of Kikubaaqudgha.
             Slain by a gargoyle
             ... wielding a +0 dire flail
              (16 damage)
             ... on level 11 of the Dungeon on Nov 22, 2019.
             The game lasted 01:29:48 (18987 turns).

Gruesph the Martial Artist (Demonspawn Artificer)  Turns: 18987, Time: 01:29:48

Health: -2/86      AC:  6    Str: 13    XL:     11   Next: 66%
Magic:  11/18      EV: 11    Int: 15    God:    Kikubaaqudgha [*****.]
Gold:   744        SH:  0    Dex: 14    Spells: 10/20 levels left

rFire    . . .     SeeInvis .     - Unarmed
rCold    + + .     Gourm    .   (no shield)
rNeg     . . .     Faith    .   b - +0 acid dragon scales
rPois    .         Spirit   .   (helmet restricted)
rElec    .         Reflect  .   (no cloak)
rCorr    +         Harm     .   (no gloves)
MR       .....                  (no boots)
Stlth    +.........             o - amulet of rage
HPRegen  0.24/turn              v - ring of protection from cold
MPRegen  0.16/turn              (no ring)

@: about to teleport
A: antennae 2, claws 1, hooves 1, cold resistance 1, spiny 1, freezing cloud
immunity
a: Receive Corpses, Torment, Renounce Religion, Evoke Berserk Rage


You were on level 11 of the Dungeon.
You worshipped Kikubaaqudgha.
Kikubaaqudgha was extremely pleased with you.
You were very hungry.

You visited 2 branches of the dungeon, and saw 12 of its levels.
You also visited: Sewer.

You collected 744 gold pieces.

Inventory:

Missiles
 a - 43 poisoned darts
 A - a throwing net (quivered)
Armour
 b - +0 acid dragon scales (worn)
Jewellery
 o - an amulet of rage (around neck)
 v - a ring of protection from cold (left claw)
Wands
 d - a wand of enslavement (13)
 e - a wand of random effects (5)
 p - a wand of iceblast (10)
 t - a wand of acid (1)
 u - a wand of polymorph (19)
Scrolls
 i - 2 scrolls of identify
 j - 2 scrolls of amnesia
 k - 12 scrolls of teleportation
 n - a scroll of vulnerability {unknown}
 r - 4 scrolls of remove curse
 s - a scroll of enchant armour
 y - 2 scrolls of fear
 C - a scroll of fog {unknown}
 D - a scroll of immolation {unknown}
Potions
 c - 9 potions of curing
 g - a potion of haste
 h - 6 potions of heal wounds
 l - a potion of ambrosia {unknown}
 m - 3 potions of lignification
 w - 3 potions of agility
 x - 2 potions of magic
 z - a potion of brilliance {unknown}
Comestibles
 f - 24 rations


   Skills:
 + Level 8.1 Fighting
   Level 0.8 Short Blades
 - Level 1.7 Dodging
 - Level 0.8 Stealth
 - Level 12.0 Unarmed Combat
 + Level 5.2 Spellcasting
 + Level 7.9 Necromancy
 - Level 6.0 Evocations


You had 10 spell levels left.
You knew the following spells:

 Your Spells              Type           Power        Failure   Level  Hunger
a - Pain                  Necr           ####         1%          1    None
b - Corpse Rot            Necr           N/A          1%          2    ##.....
c - Animate Dead          Necr           N/A          9%          4    ####...
r - Regeneration          Chrm/Necr      ###.......   14%         3    ###....

Your spell library contained the following spells:

 Spells                   Type           Power        Failure   Level  Hunger
 Animate Skeleton         Necr           N/A          1%          1    None
 Sublimation of Blood     Necr           ####......   1%          2    ##.....
 Vampiric Draining        Necr           ####......   2%          3    ###....
 Agony                    Necr           ####....     26%         5    ######.
 Dispel Undead            Necr           ####....     26%         5    ######.
 Bolt of Draining         Conj/Necr      ###.......   77%         5    ######.
 Borgnjor's Vile Clutch   Necr/Erth      ###.......   77%         5    ######.
 Simulacrum               Ice/Necr       ###.......   100%        6    #######


Dungeon Overview and Level Annotations

Branches:
Dungeon (11/15)            Temple (1/1) D:6            Lair (0/6) D:10
    Orc (0/2) D:10          Sewer (visited)

Altars:
Ashenzari
Cheibriados
Dithmenos
Elyvilon
Fedhas
Gozag
Hepliaklqana
Kikubaaqudgha
Makhleb
Nemelex Xobeh
Okawaru
Qazlal
Ru
Sif Muna
Trog
Uskayaw
Vehumet
Wu Jian
Xom
Yredelemnul
Zin
The Shining One

Shops:
D:4 }

Annotations:
D:4 2 transporters, Sysandra's ghost, novice FoFi


Innate Abilities, Weirdness & Mutations

You have a pair of antennae on your head.
You have sharp fingernails.
You have large cloven feet.
Your flesh is cold resistant. (rC+)
You are partially covered in sharp spines.
You are immune to freezing clouds.


Message History

You scratch the crocodile.
The crocodile is severely wounded.
The gargoyle hits you with a +0 dire flail!!
Your bullfrog zombie hits the crocodile but does no damage.
Your hornet zombie hits the crocodile.
The crocodile bites you.
Your bullfrog zombie completely misses the crocodile.
Your hornet zombie hits the crocodile!
The crocodile dies!
Kikubaaqudgha accepts your kill. The gargoyle is struck by your spines.
The gargoyle closely misses you.
As you read the scroll of teleportation, it crumbles to dust.
You feel strangely unstable.
Your bullfrog zombie hits the efreet but does no damage.
The efreet gestures at you.
The bolt of fire hits your hornet zombie!!
The bolt of fire hits you!!
* * * LOW HITPOINT WARNING * * *
The gargoyle hits you with a +0 dire flail!
You die...
Kikubaaqudgha rasps: "You have failed me!
Welcome... death!"

..........##..# y #..#.#○
..(.(.(....##..#.#..#.#.#
............##..#..#.#.#
.............#......#.#
####..)......#.....#.#
...#...[[....#..ZT.○#
...#.........#...R°#.#
...#.........#.^Z9..#
...#.........###@###.#
'###.[.............#
....................#
.....................#
.......................
....##########..........
....# #......>... ....#
#..#######. ....# #..#


You could see a troll, an efreet, a gargoyle, a friendly bullfrog zombie and a
friendly hornet zombie.

Vanquished Creatures
  A hydra (D:11)
  2 two-headed ogres (D:9)
  Pikel (D:6)
  A manticore (D:11)
  Psyche (D:8)
  A centaur skeleton (D:8)
  3 trolls
  2 hornets (D:11)
  2 hippogriffs
  A wyvern (D:11)
  7 yaks
  A steam dragon (D:9)
  A hungry ghost (D:9)
  Menkaure (D:7)
  3 water moccasins
  An acid dragon (D:11)
  2 phantoms
  3 slaves
  10 orc warriors
  4 ice beasts
  2 sky beasts
  2 black bears
  An eye of draining (D:11)
  5 ogres
  3 centaurs
  A crocodile (D:9)
  5 big kobolds
  8 bullfrogs
  5 scorpions
  A water moccasin skeleton (D:10)
  3 wights (D:10)
  11 killer bees
  3 howler monkeys
  3 crimson imps
  6 hounds
  A quasit (D:9)
  A centaur zombie (D:6)
  2 bullfrog skeletons
  A bullfrog zombie (D:9)
  9 orc priests
  3 iguanas
  11 orc wizards
  4 worker ants
  A killer bee zombie (D:10)
  2 hound skeletons
  4 worker ant zombies
  3 gnolls (D:9)
  14 adders
  7 river rats (Sewer)
  2 shadow imps (D:7)
  4 adder zombies
  An adder skeleton (D:5)
  5 worms
  8 leopard geckos
  59 orcs
  6 ball pythons
  7 giant cockroaches
  13 goblins
  10 hobgoblins
  14 jackals
  30 kobolds
  4 quokkas
  7 bats
  4 frilled lizards
  A leopard gecko skeleton (D:6)
  A quokka skeleton (D:3)
  32 rats
378 creatures vanquished.

Vanquished Creatures (collateral kills)
  A crocodile (D:11)
  An orc priest (D:11)
  An adder (D:11)
  2 orcs (D:11)
5 creatures vanquished.

Vanquished Creatures (others)
  A human (D:2)
1 creature vanquished.

Grand Total: 384 creatures vanquished

Notes
Turn   | Place    | Note
-------+----------+-------------------------------------------
     0 | D:1      | Gruesph the Demonspawn Artificer began the quest for the
                  | Orb.
     0 | D:1      | Reached XP level 1. HP: 15/15 MP: 3/3
   359 | D:1      | Gained mutation: You are partially covered in sharp spines.
                  | [demonic ancestry]
   359 | D:1      | Reached XP level 2. HP: 14/21 MP: 4/4
   898 | D:1      | Reached XP level 3. HP: 27/27 MP: 5/5
  2324 | D:2      | Found a shimmering altar of Xom.
  2435 | D:2      | Gained mutation: You have large cloven feet. [demonic
                  | ancestry]
  2435 | D:2      | Reached XP level 4. HP: 34/34 MP: 7/7
  2844 | D:2      | Found a shadowy altar of Dithmenos.
  2854 | D:2      | Found an ancient bone altar of Kikubaaqudgha.
  2922 | D:2      | Reached skill level 1 in Unarmed Combat
  3182 | D:2      | Found an ancient bone altar of Kikubaaqudgha.
  3184 | D:2      | Noticed a human
  3185 | D:2      | Killed a human
  3297 | D:2      | Became a worshipper of Kikubaaqudgha
  3986 | D:3      | Reached skill level 2 in Unarmed Combat
  3986 | D:3      | Reached XP level 5. HP: 33/41 MP: 8/8
  4292 | D:3      | Reached * piety under Kikubaaqudgha
  4292 | D:3      | Identified Kikubaaqudgha's Compendium of Evil Secrets
                  | (Kikubaaqudgha gifted it to you on level 3 of the Dungeon)
  4292 | D:3      | Received a gift from Kikubaaqudgha
  4296 | D:3      | Learned a level 1 spell: Pain
  4299 | D:3      | Learned a level 2 spell: Corpse Rot
  4802 | D:4      | Found a transporter.
  4834 | D:4      | Found Cif Ytargh's Gadget Shop.
  4863 | D:4      | Found a transporter.
  4863 | D:4      | Noticed Sysandra's ghost (novice FoFi)
  4879 | D:4      | Noticed an ogre
  5070 | D:4      | Reached skill level 3 in Unarmed Combat
  5070 | D:4      | Reached skill level 1 in Necromancy
  5070 | D:4      | Gained mutation: You have a pair of small antennae on your
                  | head. [demonic ancestry]
  5070 | D:4      | Reached XP level 6. HP: 30/47 MP: 6/9
  5271 | D:4      | Found a glowing drain.
  5301 | Sewer    | Entered a sewer
  5696 | Sewer    | Reached skill level 1 in Spellcasting
  5732 | Sewer    | Reached ** piety under Kikubaaqudgha
  6437 | Sewer    | Reached skill level 4 in Unarmed Combat
  6437 | Sewer    | Gained mutation: You have sharp fingernails. [demonic
                  | ancestry]
  6437 | Sewer    | Reached XP level 7. HP: 39/52 MP: 10/10
  7184 | D:5      | Entered Level 5 of the Dungeon
  7229 | D:5      | Noticed a hippogriff
  7237 | D:5      | Killed a hippogriff
  7237 | D:5      | Reached skill level 5 in Unarmed Combat
  7677 | D:5      | Found a basalt altar of Yredelemnul.
  7919 | D:5      | Found a shimmering blue altar of Sif Muna.
  8137 | D:6      | Noticed Pikel
  8251 | D:6      | Reached XP level 8. HP: 57/58 MP: 12/12
  8672 | D:6      | Killed Pikel
  8672 | D:6      | Reached skill level 6 in Unarmed Combat
  8672 | D:6      | Reached skill level 5 in Necromancy
  8672 | D:6      | Reached skill level 5 in Evocations
  8761 | D:6      | Found a staircase to the Ecumenical Temple.
  9042 | Temple   | Entered the Ecumenical Temple
  9226 | D:7      | Noticed Menkaure
  9229 | D:7      | Killed Menkaure
  9303 | D:7      | Reached skill level 7 in Unarmed Combat
  9666 | D:7      | Found a blossoming altar of Fedhas.
  9677 | D:7      | Gained mutation: Your flesh is cold resistant. (rC+)
                  | [demonic ancestry]
  9677 | D:7      | Reached XP level 9. HP: 59/64 MP: 13/13
 10060 | D:7      | Reached *** piety under Kikubaaqudgha
 10060 | D:7      | Identified Kikubaaqudgha's Collected Works on Unholy Magic
                  | (Kikubaaqudgha gifted it to you on level 7 of the Dungeon)
 10060 | D:7      | Received a gift from Kikubaaqudgha
 10844 | D:8      | Noticed Psyche
 10853 | D:8      | Killed Psyche
 10853 | D:8      | Reached skill level 8 in Unarmed Combat
 11375 | D:8      | Learned a level 4 spell: Animate Dead
 11557 | D:8      | Found a blossoming altar of Fedhas.
 12282 | D:8      | Reached skill level 9 in Unarmed Combat
 12409 | D:8      | Gained mutation: You have a pair of antennae on your head.
                  | [demonic ancestry]
 12409 | D:8      | Reached XP level 10. HP: 63/73 MP: 15/15
 12532 | D:8      | Reached skill level 5 in Fighting
 12831 | D:9      | Reached **** piety under Kikubaaqudgha
 12931 | D:9      | Noticed a two-headed ogre
 12940 | D:9      | Killed a two-headed ogre
 12962 | D:9      | Noticed a two-headed ogre
 12966 | D:9      | Killed a two-headed ogre
 13225 | D:9      | Reached skill level 10 in Unarmed Combat
 14389 | D:10     | Entered Level 10 of the Dungeon
 14641 | D:9      | Reached skill level 11 in Unarmed Combat
 14641 | D:9      | Gained mutation: You are immune to freezing clouds.
                  | [demonic ancestry]
 14641 | D:9      | Reached XP level 11. HP: 61/84 MP: 9/17
 15479 | D:9      | Reached ***** piety under Kikubaaqudgha
 15731 | D:10     | Found a staircase to the Orcish Mines.
 15791 | D:10     | Found a staircase to the Lair.
 16626 | D:10     | Found a staircase to the Orcish Mines.
 16694 | D:10     | Found a staircase to the Lair.
 17839 | D:11     | Reached skill level 12 in Unarmed Combat
 17986 | D:11     | Noticed a four-headed hydra
 18013 | D:11     | Killed a four-headed hydra
 18057 | D:10     | Learned a level 3 spell: Regeneration
 18561 | D:11     | Reached skill level 5 in Spellcasting
 18987 | D:11     | Slain by a gargoyle

Levels and vault maps discovered:
D:1:      nzn_arrival_water_spiral, layout_basic, nrook_uturn
D:2:      layout_loops_cross, old_standard_altar,
          amethyst_overflow_temple_binary, tgw_kikubaaqudgha
D:3:      layout_basic
D:4:      layout_cave_pools, first_ration, serial_shops, shop_statue,
          gup_sewer_entry_pipe, gammafunk_ghost_arena, minmay_misc_feat_iff
D:5:      layout_cave_pools, nicolae_overflow_crystal_walls, basic_altar
D:6:      layout_basic, minmay_temple_entry_mini_moons, uniq_pikel
D:7:      layout_gridville, lemuel_doored_altar, uniq_menkaure
D:8:      layout_basic, basic_altar, uniq_psyche
D:9:      layout_roguey, grunt_ogre_cave
D:10:     layout_roguey, lair_entry_dummy, david_orc_4
D:11:     minmay_the_grid_octo_tiled_squarecenter_mashed
          [minmay_the_grid_octo_thin_diamonds, minmay_the_grid_octo_checkered,
          minmay_the_grid_octo_77, minmay_the_grid_octo_clover,
          minmay_the_grid_square_5x5_megaprize_hollow,
          minmay_the_grid_square_5x5_longway, minmay_the_grid_square_5x5_empty,
          minmay_the_grid_square_5x5_fat_x, minmay_the_grid_square_5x5_lines],
          layout_irregular_city, minmay_misc_feat_hallway
Temple:   minmay_crystal_spiral_temple

Skill      XL: |  1  2  3  4  5  6  7  8  9 10 11 |
---------------+----------------------------------+-----
Fighting       | 2 3 4 7 8 |  8.1
Evocations     | 4 5 6 |  6.0
Unarmed Combat | 2 3 4 5 7 9 11 12 | 12.0
Necromancy     | 1 2 3 5 6 7 |  7.9
Spellcasting   | 1 3 4 5 |  5.2
Short Blades   | |  0.8
Dodging        | |  1.7
Stealth        | |  0.8

Action                   |  1- 3 |  4- 6 |  7- 9 | 10-12 || total
-------------------------+-------+-------+-------+-------++-------
Melee: Short sword       |   140 |    13 |       |       ||   153
       Club              |       |    34 |       |       ||    34
       Kick              |       |    10 |    53 |    78 ||   141
       Whip              |       |     3 |       |       ||     3
       Unarmed           |       |     2 |   228 |   326 ||   556
       Punch             |       |       |     3 |    12 ||    15
 Fire: Hunting sling     |       |   204 |     1 |       ||   205
Throw: Stone             |    53 |     6 |       |       ||    59
       Dart              |       |       |    10 |       ||    10
 Cast: Pain              |       |     3 |    74 |   129 ||   206
       Corpse Rot        |       |       |     2 |     7 ||     9
       Animate Dead      |       |       |       |     7 ||     7
       Regeneration      |       |       |       |     1 ||     1
Invok: Receive Corpses   |       |       |       |     2 ||     2
Evoke: Wand              |     6 |     6 |    22 |    23 ||    57
  Use: Scroll            |       |       |    16 |     2 ||    18
       Potion            |       |       |       |     3 ||     3
 Stab: Sleeping          |       |     1 |       |       ||     1
       Distracted        |       |       |     1 |       ||     1
  Eat: Chunk             |     1 |    10 |     9 |    12 ||    32
       Ration            |     1 |     1 |     3 |     3 ||     8
Armor: Leather armour    |    33 |    30 |     5 |       ||    68
       Ring mail         |       |       |    35 |    57 ||    92
       Acid dragon scale |       |       |       |    21 ||    21
Dodge: Dodged            |    82 |    61 |    93 |   156 ||   392
